 Dungeon Crawl Stone Soup version 0.25.0-9-g26727b657a (webtiles) character file.

Game seed: 10634011994700279339

58 sanka the Sneak (level 3, 0/24 HPs)
             Began as a Mummy Enchanter on June 21, 2020.
             Slain by a worker ant (4 damage)
             ... on level 4 of the Dungeon.
             The game lasted 00:05:40 (2982 turns).

sanka the Sneak (Mummy Enchanter)                   Turns: 2982, Time: 00:05:40

Health: 0/24       AC:  3    Str: 11    XL:     3   Next: 76%
Magic:  0/7        EV: 12    Int: 15    God:
Gold:   79         SH:  0    Dex: 12    Spells: 5/8 levels left

rFire    x . .     SeeInvis .   a - +1 dagger
rCold    + . .     Gourm    .   (no shield)
rNeg     + + +     Faith    .   b - +0 robe
rPois    ∞         Spirit   .   (no helmet)
rElec    .         Reflect  .   (no cloak)
rCorr    .         Harm     .   c - +0 pair of gloves
MR       .....                  (no boots)
Stlth    ++........             (no amulet)
HPRegen  0.08/turn              (no ring)
MPRegen  0.10/turn              (no ring)

@: no status effects
A: no food or potions, fire vulnerability, cold resistance 1, negative energy
resistance 3, torment resistance, unbreathing
a: no special abilities


You were on level 4 of the Dungeon.
You were not hungry.

You visited 1 branch of the dungeon, and saw 4 of its levels.

You collected 79 gold pieces.


Innate Abilities, Weirdness & Mutations

You do not eat or drink.
Your flesh is vulnerable to fire.
You are immune to poison.
Your flesh is cold resistant. (rC+)
You are immune to negative energy. (rN+++)
You are immune to unholy pain and torment.
You can survive without breathing.


   Skills:
 + Level 1.9 Short Blades
 - Level 1.5 Dodging
 + Level 3.2 Stealth
 - Level 3.0 Spellcasting
 - Level 3.0 Hexes


You had 5 spell levels left.
You knew the following spells:

 Your Spells              Type           Power        Failure   Level  Hunger
z - Ensorcelled Hibernat  Hex/Ice        #.....       16%         2    N/A
Z - Corona                Hex            ##.....      6%          1    N/A

Your spell library contained the following spells:

 Spells                   Type           Power        Failure   Level  Hunger
 Confusing Touch          Hex            ##......     17%         3    N/A
 Tukima's Dance           Hex            ##......     17%         3    N/A
 Dazzling Flash           Conj/Hex       #.....       32%         3    N/A

Inventory:

Hand Weapons
 a - a +1 dagger (weapon)
 e - a cursed -3 war axe
Armour
 b - a +0 robe (worn)
 c - a +0 pair of gloves (worn)
Scrolls
 d - a scroll of magic mapping
 f - a scroll of enchant weapon {unknown}
 g - a scroll of immolation {unknown}
 h - a scroll of identify {@r1}

Dungeon Overview and Level Annotations

Branches:
Dungeon (5/15)             Temple (0/1) D:4

Altars:
The Shining One

Shops:
D:4 }

Annotations:
D:5 exclusion: ogre

▒......▒ ▒.▒▒▒▒.▒ ▒.▒ ▒.▒
▒.▒ ▒.▒ ▒▒▒▒▒▒'▒▒▒▒.▒▒▒▒
▒........▒▒..... ▒▒▒▒
▒▒▒▒▒........▒▒▒▒▒▒▒
...▒▒▒▒▒▒▒▒▒▒▒...▒........▒
................MB........▒
....▒▒▒▒▒▒▒▒▒▒...▒........▒
....▒▒▒▒▒▒ ▒.!.▒........▒
.........▒ ▒...▒▒▒▒▒▒▒▒▒▒
▒▒.......▒ ▒...▒ ▒▒.......▒
▒...▒ ▒▒.......▒ ▒▒▒▒▒
.+.......+ .. ▒▒.......▒ ▒▒


You could see a worker ant.


Message History

Okay, then.
As you read the scroll labeled YSEIFIT UMUL, it crumbles to dust.
It is a scroll of identify.
d - a scroll of magic mapping The worker ant bites you.
* * * LOW HITPOINT WARNING * * *
The worker ant bites you but does no damage.
The worker ant stops glowing.
The worker ant waves its antennae.
The worker ant closely misses you. The worker ant completely misses you.
Aiming: Ensorcelled Hibernation (safe; 16% risk of failure)
Aim: a worker ant (lightly wounded, chance to defeat MR: 47%)
The worker ant resists with some effort.
The worker ant barely misses you.
Your magical contamination has completely faded away.
The worker ant barely misses you. The worker ant closely misses you.
The worker ant barely misses you.
There is an open door here.
The worker ant bites you.
* * * LOW HITPOINT WARNING * * *
Aiming: Ensorcelled Hibernation (safe; 16% risk of failure)
Aim: a worker ant (lightly wounded, chance to defeat MR: 47%)
The worker ant resists with some effort.
The worker ant bites you.
* * * LOW HITPOINT WARNING * * *
There is an open door here.
The worker ant bites you.
You die...

Action                   || total
-------------------------++-------
Melee: Dagger            ||   148
 Cast: Corona            ||     7
       Ensorcelled Hiber ||    29
  Use: Scroll            ||     1
 Stab: Sleeping          ||    20
Armor: Robe              ||    35
Dodge: Dodged            ||   114

Levels and vault maps discovered:
D:1:      minmay_arrival_wavy_path, layout_rooms
D:2:      layout_basic
D:4:      layout_basic, tso_metal_star, grunt_temple_overflow_open,
          minmay_temple_entry_from_below_b, first_ration, serial_shops,
          nicolae_shop_statue_plus
D:5:      layout_basic, nicolae_elemental_shop, uniq_crazy_yiuf_cottage

Notes
Turn   | Place    | Note
-------+----------+-------------------------------------------
     0 | D:1      | sanka the Mummy Enchanter began the quest for the Orb.
     0 | D:1      | Reached XP level 1. HP: 13/13 MP: 4/4
   366 | D:1      | Reached skill level 1 in Short Blades
   460 | D:1      | Reached XP level 2. HP: 10/19 MP: 3/5
   467 | D:1      | Learned a level 2 spell: Ensorcelled Hibernation
   653 | D:1      | Reached skill level 3 in Spellcasting
  1164 | D:1      | Reached skill level 3 in Hexes
  1355 | D:2      | Reached XP level 3. HP: 24/24 MP: 7/7
  1443 | D:2      | Reached skill level 3 in Stealth
  2556 | D:4      | Found a glowing golden altar of the Shining One.
  2578 | D:4      | Found a staircase to the Ecumenical Temple.
  2593 | D:4      | Found Vikad's Gadget Shop.
  2624 | D:5      | Entered Level 5 of the Dungeon
  2770 | D:5      | Noticed an ogre
  2982 | D:4      | Slain by a worker ant

Vanquished Creatures
  An adder (D:2)
  2 dart slugs (D:1)
  A leopard gecko (D:1)
  2 giant cockroaches
  2 goblins (D:1)
  A hobgoblin (D:1)
  12 jackals
  A quokka (D:2)
  A ball python (D:1)
  4 bats
  3 frilled lizards
  4 kobolds
  8 rats
42 creatures vanquished.
